Map: 紫夜-天梯版

Players

西北王粉丝

  • Race: Protoss Protoss
  • League: Grandmaster

半个菜鸟 (XY) - Winner!

  • Race: Terran Terran

VOD

Have the link to the VOD?

Description

Time

  • Played on: Jan. 21, 2020, 9:29 a.m.
  • Length: 10:21
Show
View Real Time Build Order
Export as new Build Order

西北王粉丝 Protoss 

Build Orders: 1 Gate Expand, Blink Stalkers 

Get SALT Encoding   

  12  0:00  Probe  
  13  0:13  Probe  
  14  0:19  Pylon  
  14  0:25  Probe  
  15  0:37  Probe (Chrono Boost)  
  15  0:38  Gateway  
  15  0:42  Assimilator  
  16  0:49  Probe (Chrono Boost)  
  17  0:53  Probe (Chrono Boost)  
  18  1:03  Probe  
  19  1:15  Probe  
  20  1:23  Nexus  
  20  1:32  Cybernetics Core  
  20  1:35  Probe  
  21  1:40  Assimilator  
  21  1:47  Probe  
  21  1:50  Pylon  
  22  1:59  Probe  
  23  2:05  Stalker (Chrono Boost)  
  25  2:08  Warp Gate  
  25  2:11  Probe  
  26  2:22  Twilight Council  
  26  2:23  Probe  
  27  2:36  Probe (Chrono Boost)  
  29  2:39  Stalker  
  29  2:41  Probe (Chrono Boost)  
  31  2:46  Probe (Chrono Boost)  
  31  2:49  Probe (Chrono Boost)  
  31  2:51  Probe (Chrono Boost)  
  33  2:56  Blink (Chrono Boost)  
  34  3:00  Probe  
  34  3:02  Probe  
  36  3:07  Gateway  
  36  3:12  Probe  
  37  3:16  Probe  
  37  3:18  Stalker  
  40  3:25  Probe  
  40  3:26  Robotics Facility  
  41  3:30  Probe  
  42  3:37  Probe  
  43  3:41  Forge  
  43  3:42  Pylon, Probe  
  44  3:48  Pylon  
  44  3:49  Probe  
  45  4:01  Nexus  
  45  4:09  Protoss Ground Armor Level 1  
  45  4:10  Probe  
  45  4:11  Pylon  
  45  4:12  Probe  
  45  4:15  Observer (Chrono Boost)  
  45  4:16  Stalker  
  45  4:17  Stalker  
  52  4:23  Probe  
  52  4:24  Probe  
  54  4:26  Assimilator  
  54  4:30  Observer  
  54  4:34  Shield Battery  
  55  4:39  Probe x2  
  55  4:42  Gateway  
  57  4:48  Charge (Chrono Boost)  
  45  5:04  Probe  
  44  5:09  Probe  
  45  5:19  Probe (Chrono Boost)  
  46  5:23  Probe x2 (Chrono Boost)  
  48  5:33  Probe (Chrono Boost)  
  51  5:36  Probe x2 (Chrono Boost)  
  51  5:38  Gateway x2  
  51  5:41  Gateway  
  51  5:42  Probe (Chrono Boost)  
  52  5:43  Gateway  
  52  5:44  Observer  
  52  5:45  Probe (Chrono Boost)  
  52  5:49  Sentry x2  
  57  5:50  Probe (Chrono Boost)  
  57  5:54  Sentry  
  62  5:59  Pylon, Probe (Chrono Boost)  
  62  6:01  Probe x2 (Chrono Boost)  
  63  6:12  Probe  
  63  6:13  Probe  
  63  6:17  Gateway  
  65  6:19  Stalker x3  
  65  6:22  Probe  
  65  6:24  Probe  
  73  6:29  Pylon  
  73  6:36  Zealot x3  
  61  6:47  Zealot x2  
  61  6:48  Zealot x2  
  65  7:01  Stalker x3  
  63  7:10  Zealot  
  63  7:11  Zealot  
  65  7:20  Stalker x3  
  61  7:28  Zealot x3  
  65  7:39  Stalker x2  
  65  7:40  Probe x2  
  65  7:42  Pylon, Gateway  
  63  7:47  Protoss Ground Armor Level 2 (Chrono Boost)  
  63  7:49  Stalker x3  
  63  7:50  Zealot  
  61  8:00  Stalker  
  63  8:11  Probe  
  65  8:13  Probe (Chrono Boost)  
  65  8:18  Pylon  
  65  8:19  Pylon  
  65  8:23  Forge, Probe (Chrono Boost)  
  67  8:28  Probe (Chrono Boost)  
  67  8:32  Sentry x2  
  67  8:34  Warp Prism (Chrono Boost)  
  71  8:36  Probe (Chrono Boost)  
  71  8:38  Sentry, Zealot x2  
  71  8:39  Zealot x2  
  71  8:40  Zealot  
  86  8:45  Probe  
  87  8:51  Probe, Assimilator  
  87  8:53  Assimilator  
  88  9:00  Stalker x4  
  88  9:01  Zealot x3  
  102  9:09  Probe x2  
  105  9:10  Probe  
  105  9:33  Zealot  
  105  9:34  Zealot  
  105  9:37  Pylon  
  105  9:38  Nexus, Pylon  
  109  9:40  Pylon  
  109  9:56  Stalker x7  
  97  10:17  Zealot x2  
Show
View Real Time Build Order
Export as new Build Order

半个菜鸟 Terran - Winner!

Build Orders: Reaper Expand 

Get SALT Encoding   

  12  0:00  SCV  
  13  0:13  SCV  
  14  0:16  Supply Depot  
  14  0:25  SCV  
  15  0:38  SCV  
  15  0:39  Barracks  
  16  0:43  Refinery  
  16  0:50  SCV  
  17  1:02  SCV  
  18  1:14  SCV  
  19  1:26  Reaper  
  19  1:28  Orbital Command  
  20  1:42  Command Center  
  20  1:50  Supply Depot  
  20  1:53  SCV  
  21  1:57  Marine  
  22  2:06  SCV  
  22  2:07  Factory  
  23  2:15  Refinery  
  23  2:18  SCV  
  23  2:21  Barracks Reactor  
  24  2:28  Bunker  
  24  2:30  SCV  
  25  2:42  SCV  
  26  2:52  Starport  
  26  2:54  SCV, Widow Mine  
  26  2:56  Orbital Command  
  29  3:01  Marine x2  
  29  3:02  Orbital Command  
  31  3:06  SCV  
  32  3:15  Widow Mine  
  32  3:18  SCV  
  32  3:19  Marine x2  
  37  3:25  Supply Depot  
  37  3:27  SCV  
  37  3:30  SCV  
  37  3:31  Medivac  
  41  3:37  Barracks  
  41  3:39  SCV  
  42  3:43  SCV  
  42  3:47  Supply Depot  
  42  3:48  Factory Tech Lab  
  43  3:52  SCV  
  43  3:54  Marine x2  
  43  3:55  SCV  
  47  4:04  SCV  
  47  4:05  Barracks  
  47  4:07  SCV  
  48  4:16  SCV  
  49  4:18  Engineering Bay  
  49  4:19  Starport Tech Lab, SCV, Refinery  
  49  4:21  Marine x2  
  52  4:28  SCV  
  53  4:31  Supply Depot, SCV  
  53  4:32  Stimpack  
  54  4:40  Marauder, SCV  
  54  4:43  Terran Infantry Weapons Level 1  
  54  4:44  SCV  
  58  4:52  SCV  
  61  4:56  SCV  
  62  5:02  Marine x2  
  62  5:03  Factory Reactor  
  62  5:04  SCV  
  59  5:08  Supply Depot, SCV  
  59  5:10  Starport Reactor  
  59  5:14  Marauder  
  62  5:16  Combat Shield, SCV  
  62  5:17  Marauder  
  62  5:20  Marine x2, SCV  
  66  5:23  Refinery  
  66  5:28  SCV  
  66  5:31  Supply Depot  
  66  5:35  Marauder  
  69  5:38  Marine x2, Marauder  
  69  5:40  Widow Mine  
  69  5:41  Widow Mine  
  77  5:43  Supply Depot  
  77  5:52  Medivac x2  
  77  5:54  Supply Depot  
  77  5:56  Marine x2, Marauder  
  85  6:05  Marauder, Supply Depot, Widow Mine x2  
  91  6:12  Concussive Shells  
  91  6:13  Marine x2  
  91  6:17  Supply Depot, Command Center  
  91  6:18  Marauder  
  95  6:26  Marauder, Widow Mine x2  
  95  6:28  Supply Depot  
  95  6:30  Medivac  
  95  6:31  Marine x2, Medivac  
  107  6:35  SCV x2  
  108  6:41  Terran Infantry Armor Level 1  
  98  6:48  Widow Mine  
  98  6:50  Widow Mine, SCV x2  
  101  6:57  Marauder  
  101  6:58  Marauder  
  101  7:00  Medivac  
  103  7:05  Barracks  
  103  7:08  SCV  
  98  7:10  SCV  
  98  7:12  Barracks  
  98  7:14  Widow Mine  
  99  7:15  Medivac  
  99  7:20  SCV  
  99  7:21  Widow Mine  
  99  7:22  Marauder  
  106  7:23  SCV  
  102  7:33  Marine, Marauder  
  102  7:34  SCV  
  102  7:36  Widow Mine  
  102  7:42  Widow Mine  
  102  7:43  Marauder  
  102  7:45  SCV, Orbital Command  
  99  7:55  Marauder  
  99  7:56  Marine x2  
  99  7:57  SCV, Widow Mine  
  101  8:05  Marauder  
  98  8:12  Medivac x2  
  100  8:14  SCV x2  
  100  8:16  Marauder  
  100  8:19  Widow Mine x2, Ghost Academy  
  108  8:21  Barracks Reactor, Barracks Tech Lab  
  108  8:23  SCV  
  108  8:26  Marine x2, Marauder  
  113  8:35  Supply Depot x2  
  115  8:43  Marine  
  115  8:44  Marine  
  115  8:47  Ghost  
  115  8:48  Ghost x2  
  117  8:52  Command Center  
  117  8:53  Refinery  
  117  8:54  Refinery  
  117  8:55  Widow Mine x2  
  125  8:59  Armory  
  125  9:01  Marine x2  
  125  9:02  Marine x2  
  127  9:04  Engineering Bay  
  127  9:07  Medivac x2  
  135  9:17  Marauder x3  
  135  9:19  Marine x2, Supply Depot, SCV x3  
  135  9:20  Marine x2, Supply Depot x2  
  146  9:24  Widow Mine x2  
  150  9:31  SCV  
  150  9:32  SCV  
  150  9:37  Marine x2  
  150  9:38  Marauder  
  156  9:39  SCV  
  156  9:41  Marauder  
  156  9:43  SCV  
  156  9:44  SCV  
  161  9:50  Marauder, Marine x2  
  165  9:53  Widow Mine  
  165  9:59  Marine, Marauder  
Tags
 
Add a new tag
Caveats
  • Supply blocks, unpowered buildings, or Contaminate may cause inaccurate times.
  • Supply counts are checked every 10 seconds.